 Dungeon Crawl Stone Soup version 0.29.1-2-gbd0b4ee654 (webtiles) character file.

Game seed: 11431526665291974575

5 funnyparkerb the Caller (level 1, -2/7 HPs)
             Began as a Felid Summoner on Nov 2, 2022.
             Slain by a jackal (3 damage)
             ... on level 1 of the Dungeon.
             The game lasted 00:02:11 (649 turns).

funnyparkerb the Caller (Felid Summoner)             Turns: 649, Time: 00:02:11

Health: -2/7       AC:  1    Str:  4    XL:     1   Next: 66%
Magic:  3/4        EV: 17    Int: 16    God:
Gold:   0          SH:  0    Dex: 16    Spells: 3/4 levels left
                                        Lives:  0   Deaths: 0

rFire   . . .      SeeInvis +   (weapon unavailable)
rCold   . . .      Faith    .   (shield unavailable)
rNeg    . . .      Spirit   .   (body armour unavailable)
rPois   .          Reflect  .   (helmet unavailable)
rElec   .          Harm     .   (cloak unavailable)
rCorr   .          Rampage  .   (gloves unavailable)
Will    .....                   (boots unavailable)
Stlth   ++........              (no amulet)
HPRegen 0.02/turn               (no ring)
MPRegen 0.09/turn               (no ring)

@: quick
A: very small, claws 1, fangs 3, see invisible, speed 1, shaggy fur 1, stealthy
paws, no weapons or thrown items, no armour, multi-lived
a: no special abilities


You were on level 1 of the Dungeon.
You visited 1 branch of the dungeon, and saw 1 of its levels.

Inventory:

Scrolls
 b - a scroll of immolation {unknown}
 c - a scroll of noise {unknown}
 e - a scroll of teleportation {unknown}
Potions
 a - a potion of magic
 d - a potion of flight {unknown}


   Skills:
 - Level 2.6 Dodging
 - Level 2.6 Stealth
 + Level 2.2 Spellcasting
 + Level 4.1 Summonings


You had 3 spell levels left.
You knew the following spells:

 Your Spells              Type           Power      Damage    Failure   Level
a - Summon Small Mammal   Summ           60%        N/A       3%          1

Your spell library contained the following spells:

 Spells                   Type           Power      Damage    Failure   Level
 Call Imp                 Summ           15%        N/A       5%          2
 Call Canine Familiar     Summ           15%        N/A       11%         3
 Summon Guardian Golem    Hex/Summ       8%         N/A       26%         3
 Summon Lightning Spire   Summ/Air       8%         N/A       65%         4


Dungeon Overview and Level Annotations

Branches:
Dungeon (1/15)

Altars:


Innate Abilities, Weirdness & Mutations

You have sharp claws.
You have razor-sharp teeth.
You have supernaturally acute eyesight. (SInv)
You cover ground quickly. (Speed+)
You are covered in fur. (AC +1)
Your paws help you pounce on unaware monsters.
You are incapable of wielding weapons or throwing items.
You cannot wear armour.
You gain extra lives every three experience levels.


Message History

Casting: Summon Small Mammal (safe; 3% risk of failure)
Confirm with . or Enter, or press ? or * to list all spells.
Your bat completely misses the jackal.
The jackal barely misses your bat.
Your bat misses the jackal. The jackal misses your bat.
Your bat barely misses the jackal.
Your bat closely misses the jackal.
The jackal bites your bat.
Your bat misses the jackal. Your bat misses the jackal.
Your bat barely misses the jackal.
The jackal bites your bat. The jackal closely misses your bat.
Your bat hits the jackal but does no damage.
The jackal bites your bat.
Your bat dies!
Your bat's corpse disappears in a puff of smoke!
The quokka completely misses you.
You barely miss the quokka. You bite the quokka, but do no damage.
The jackal bites your bat.
Your bat closely misses the jackal.
The quokka closely misses you. The jackal closely misses your bat.
The quokka misses you.
You scratch the quokka.
The quokka is severely wounded.
Your bat hits the jackal but does no damage.
The jackal closely misses your bat. The quokka bites you.
You scratch the quokka but do no damage.
The quokka is severely wounded.
The jackal bites your bat.
Your bat dies!
Your bat's corpse disappears in a puff of smoke!
The quokka bites you.
* * * LOW HITPOINT WARNING * * *
You miss the quokka.
The quokka is severely wounded.
The quokka closely misses you.
You barely miss the quokka.
The quokka is severely wounded.
The quokka bites you.
* * * LOW HITPOINT WARNING * * *
You closely miss the quokka. Your bite misses the quokka.
The quokka is severely wounded.
The jackal bites you.
You die...

...# #.#.# ...#
#.#.# ####
#h#.# #h#.#
#h#.# #.#.#
#.#.#
###########.#.#
#.....r@hhh.#.#
#.###########.#
#.# #.# #.# #r#
#.# #.# #.# #.#
#.# #.# #.# #.#
#r# #.#


You could see a quokka and 3 jackals.

Vanquished Creatures
  A ball python (D:1)
  A rat (D:1)
2 creatures vanquished.

Vanquished Creatures (collateral kills)
  A bat (D:1)
  A goblin (D:1)
  A ball python (D:1)
  A rat (D:1)
4 creatures vanquished.

Grand Total: 6 creatures vanquished

Notes
Turn   | Place    | Note
-------+----------+-------------------------------------------
     0 | D:1      | funnyparkerb the Felid Summoner began the quest for the
                  | Orb.
     0 | D:1      | Reached XP level 1. HP: 7/7 MP: 4/4
   331 | D:1      | Found a faded altar of an unknown god.
   649 | D:1      | Slain by a jackal

Illustrated notes

Levels and vault maps discovered:
D:1:      ncdulo_watergridlock, layout_basic, nicolae_ecumenical_snake_handling

Action                   || total
-------------------------++-------
Melee: Unarmed           ||    11
       Bite              ||     2
 Cast: Summon Small Mamm ||    19
 Stab: Sleeping          ||     1
Armor: Skin              ||     5
Dodge: Dodged            ||    30
